 Dungeon Crawl Stone Soup version 0.23.2-1-ga50397a6bc (webtiles) character file.

Game seed: 6478537977295653666

769 Mrkan the Spear-Bearer (level 7, -3/63 HPs)
             Began as a Minotaur Berserker on May 20, 2019.
             Was a Priest of Trog.
             Slain by a gnoll
             ... wielding a +0 halberd
              (14 damage)
             ... on level 5 of the Dungeon.
             The game lasted 00:06:10 (3434 turns).

Mrkan the Spear-Bearer (Minotaur Berserker)         Turns: 3434, Time: 00:06:11

Health: -3/63      AC: 11    Str: 22 (24) XL:     7   Next: 52%
Magic:  6/6        EV:  2    Int:  2 (4)  God:    Trog [***...]
Gold:   284        SH: 14    Dex:  7 (9)  Spells: 6/6 levels left

rFire    . . .     SeeInvis .   a - +0 spear
rCold    . . .     Gourm    .   f - +0 large shield
rNeg     . . .     Faith    .   e - +0 plate armour
rPois    .         Spirit   .   (helmet restricted)
rElec    .         Reflect  .   (no cloak)
rCorr    .         Harm     .   (no gloves)
MR       .....                  (no boots)
Stlth    ..........             (no amulet)
HPRegen  0.20/turn              (no ring)
MPRegen  0.10/turn              (no ring)

@: berserk cooldown
A: retaliatory headbutt, horns 2
a: Berserk, Trog's Hand, Renounce Religion


You were on level 5 of the Dungeon.
You worshipped Trog.
Trog was most pleased with you.
You were not hungry.

You visited 1 branch of the dungeon, and saw 5 of its levels.

You collected 284 gold pieces.

Inventory:

Hand Weapons
 a - a +0 spear (weapon)
 h - a +2 whip of electrocution
Armour
 e - a +0 plate armour (worn)
 f - a +0 large shield (worn)
Jewellery
 q - a +3 amulet of reflection {unknown}
Wands
 n - a wand of paralysis (8)
Scrolls
 d - 2 scrolls of identify {unknown}
 i - a scroll of remove curse {unknown}
 m - 4 scrolls of teleportation {unknown}
 o - a scroll of enchant weapon {unknown}
 r - a scroll of fog {unknown}
Potions
 b - a potion of degeneration
 g - a potion of resistance {unknown}
 j - 4 potions of lignification {unknown}
 k - a potion of magic {unknown}
 l - a potion of curing {unknown}
Comestibles
 c - 7 rations


   Skills:
 + Level 6.2 Fighting
 * Level 8.2 Polearms
 - Level 2.4 Armour
 - Level 2.1 Dodging
 + Level 4.3 Shields


You had 6 spell levels left.
You didn't know any spells.
Your spell library was empty.

Dungeon Overview and Level Annotations

Branches:
Dungeon (5/15)
 Temple: D:4-7

Altars:
Fedhas
Hepliaklqana
Kikubaaqudgha
Yredelemnul


Innate Abilities, Weirdness & Mutations

You reflexively headbutt those who attack you in melee.
You have a pair of horns on your head.


Message History

The gnoll hits you. You block the orc's attack.
The centaur hits you but does no damage.
The gnoll hits you from afar with a +0 halberd!
The gnoll hits you.
You hit the centaur but do no damage. You headbutt the centaur!
The centaur is almost dead.
The centaur hits you.
* * * LOW HITPOINT WARNING * * *
You block the gnoll's attack. You block the orc wizard's attack.
The centaur hits you but does no damage.
The gnoll hits you from afar with a +0 halberd.
* * * LOW HITPOINT WARNING * * *
It was a potion of degeneration.
There was something very wrong with that liquid.
You feel weakened.
You feel dopey.
You feel clumsy.
You feel yourself speed up.
The centaur hits you but does no damage.
You block the gnoll's attack. You block the orc wizard's attack.
The gnoll hits you from afar with a +0 halberd!
You die...

#..≈≈≈≈PP.♣P≈≈≈≈.#..
#..≈≈≈≈>P_P<≈≈≈≈.l##..
#..≈≈≈≈P..P.≈≈≈≈....
#...≈≈≈≈♣♣♣≈≈≈≈g.#.#
###.≈≈≈≈≈≈≈≈≈≈≈.##.####
#..≈≈≈≈≈≈≈≈≈.........
##...≈≈≈≈≈≈≈g.#.......
####......≈≈≈..g##l......
.....####...(..c@oo......
###### ####..(###o......
##### #######


You could see a centaur, an iguana, an orc wizard, 2 gnolls and 2 orcs.

Vanquished Creatures
  A hungry ghost (D:3)
  Menkaure (D:5)
  A phantom (D:5)
  2 crimson imps (D:3)
  A bullfrog skeleton (D:5)
  An orc priest (D:4)
  4 iguanas
  A worker ant (D:4)
  A hound skeleton (D:4)
  5 adders
  An ooze (D:3)
  3 worms
  3 adder skeletons (D:4)
  An adder zombie (D:2)
  2 dart slugs (D:1)
  4 leopard geckos
  7 orcs
  6 giant cockroaches
  7 goblins
  9 hobgoblins
  2 jackals (D:4)
  8 kobolds
  2 quokkas
  9 bats
  5 frilled lizards
  9 rats (D:1)
96 creatures vanquished.

Notes
Turn   | Place    | Note
-------+----------+-------------------------------------------
     0 | D:1      | Mrkan the Minotaur Berserker began the quest for the Orb.
     0 | D:1      | Reached XP level 1. HP: 19/19 MP: 0/0
    58 | D:1      | Reached skill level 4 in Polearms
    80 | D:1      | Reached XP level 2. HP: 13/27 MP: 1/1
   596 | D:1      | Reached XP level 3. HP: 30/33 MP: 2/2
   650 | D:1      | Reached ** piety under Trog
  1081 | D:2      | Found a hazy altar of Hepliaklqana.
  1230 | D:2      | Found an ancient bone altar of Kikubaaqudgha.
  1428 | D:2      | Reached skill level 5 in Polearms
  1908 | D:2      | Reached skill level 1 in Shields
  1908 | D:2      | Reached XP level 4. HP: 26/41 MP: 3/3
  2103 | D:3      | Reached XP level 5. HP: 47/47 MP: 4/4
  2149 | D:3      | Noticed a hungry ghost
  2183 | D:3      | Killed a hungry ghost
  2183 | D:3      | Reached skill level 5 in Fighting
  2183 | D:3      | Reached skill level 6 in Polearms
  2183 | D:3      | Reached XP level 6. HP: 51/56 MP: 5/5
  2393 | D:3      | Found a basalt altar of Yredelemnul.
  2710 | D:4      | Reached *** piety under Trog
  2806 | D:4      | Reached skill level 7 in Polearms
  3166 | D:4      | Reached XP level 7. HP: 55/62 MP: 6/6
  3214 | D:5      | Entered Level 5 of the Dungeon
  3383 | D:5      | Noticed Menkaure
  3390 | D:5      | Found a blossoming altar of Fedhas.
  3396 | D:5      | Killed Menkaure
  3396 | D:5      | Reached skill level 8 in Polearms
  3434 | D:5      | Slain by a gnoll

Skill      XL: |  1  2  3  4  5  6  7 |
---------------+----------------------+-----
Polearms       | 4 5 6 7 8 |  8.2
Fighting       | 4 5 6 |  6.2
Shields        | 1 2 3 4 |  4.3
Armour         | |  2.4
Dodging        | |  2.1

Action                   |  1- 3 |  4- 6 |  7- 9 || total
-------------------------+-------+-------+-------++-------
Melee: Spear             |   146 |   201 |    51 ||   398
       Headbutt          |    14 |    36 |    11 ||    61
Invok: Berserk           |       |     2 |     1 ||     3
  Use: Potion            |       |       |     1 ||     1
 Stab: Sleeping          |     1 |       |       ||     1
  Eat: Chunk             |     3 |     8 |     2 ||    13
       Ration            |       |     2 |       ||     2
Armor: Animal skin       |     3 |       |       ||     3
       Plate armour      |    40 |    88 |    25 ||   153
Dodge: Dodged            |    37 |    11 |     5 ||    53
Block: Large shield      |    33 |   141 |    45 ||   219
